 Dungeon Crawl Stone Soup version 0.29.1-2-gbd0b4ee654 (webtiles) character file.

Game seed: 8216405530069033498

2 Norrock the Charlatan (level 1, -1/17 HPs)
             Began as a Gnoll Artificer on Oct 31, 2022.
             Slain by a kobold
             ... wielding a +0 short sword
              (3 damage)
             ... on level 1 of the Dungeon.
             The game lasted 00:01:53 (85 turns).

Norrock the Charlatan (Gnoll Artificer)               Turns: 85, Time: 00:01:54

Health: -1/17      AC:  3    Str: 11    XL:     1   Next: 30%
Magic:  1/1        EV: 12    Int: 10    God:
Gold:   27         SH:  0    Dex: 12    Spells: 0/0 levels left

rFire   . . .      SeeInvis .   a - +0 club
rCold   . . .      Faith    .   (no shield)
rNeg    . . .      Spirit   .   b - +0 leather armour
rPois   .          Reflect  .   (no helmet)
rElec   .          Harm     .   (no cloak)
rCorr   .          Rampage  .   (no gloves)
Will    .....                   (no boots)
Stlth   ++........              (no amulet)
HPRegen 0.05/turn               (no ring)
MPRegen 0.07/turn               (no ring)

@: no status effects
A: fangs 1, strong nose, distributed training
a: no special abilities


You were on level 1 of the Dungeon.
You visited 1 branch of the dungeon, and saw 1 of its levels.

You collected 27 gold pieces.

Inventory:

Hand Weapons
 a - a +0 club (weapon)
Armour
 b - a +0 leather armour (worn)
Wands
 c - a wand of flame (15) (quivered)
 d - a wand of charming (15)
 e - a wand of iceblast (5)
Potions
 f - a potion of might {unknown}


   Skills:
 + Level 2.3 Fighting
 + Level 0.0 Short Blades
 + Level 0.0 Long Blades
 + Level 0.0 Axes
 + Level 0.0 Maces & Flails
 + Level 0.0 Polearms
 + Level 0.0 Staves
 + Level 0.0 Ranged Weapons
 + Level 0.0 Throwing
 + Level 4.4 Armour
 + Level 2.3 Dodging
 + Level 2.1 Stealth
 + Level 0.0 Shields
 + Level 0.0 Unarmed Combat
 + Level 0.0 Spellcasting
 + Level 0.0 Conjurations
 + Level 0.0 Hexes
 + Level 0.0 Summonings
 + Level 0.0 Necromancy
 + Level 0.0 Translocations
 + Level 0.0 Transmutations
 + Level 0.0 Fire Magic
 + Level 0.0 Ice Magic
 + Level 0.0 Air Magic
 + Level 0.0 Earth Magic
 + Level 0.0 Poison Magic
 + Level 0.1 Invocations
 + Level 6.4 Evocations


You couldn't memorise any spells.
You didn't know any spells.
Your spell library was empty.

Dungeon Overview and Level Annotations

Branches:
Dungeon (1/15)

Altars:


Innate Abilities, Weirdness & Mutations

You have very sharp teeth.
Your uncanny sense of smell can sniff out nearby items.
Your experience applies equally to all skills.


Message History

The jackal is severely wounded.
The jackal bites you. The jackal closely misses you.
You hit the jackal.
You kill the jackal!
The kobold throws a stone.
The stone hits you but does no damage.
The kobold throws a stone.
The stone hits you but does no damage.
You see here 10 gold pieces.
A hobgoblin, a jackal and an endoplasm come into view.
Found a book of Weapons.
The hobgoblin shouts!
The endoplasm quivers.
You hear a bark!
A jackal comes into view.
The kobold hits you with a +0 short sword.
You hit the kobold but do no damage. Your bite misses the kobold.
The kobold barely misses you. The jackal misses you.
You hit the kobold but do no damage. You bite the kobold, but do no damage.
The jackal barely misses you. The kobold hits you but does no damage.
You barely miss the kobold. Your bite misses the kobold.
The jackal barely misses you. The kobold barely misses you.
The jackal closely misses you.
The kobold hits you with a +0 short sword.
You hit the kobold. Your bite misses the kobold.
The kobold is moderately wounded.
The jackal barely misses you. The jackal closely misses you.
The kobold hits you with a +0 short sword.
You hit the kobold.
The kobold is severely wounded.
The jackal barely misses you. The kobold closely misses you.
The jackal misses you.
You completely miss the kobold.
The kobold is severely wounded.
The jackal bites you.
* * * LOW HITPOINT WARNING * * *
The kobold hits you with a +0 short sword.
* * * LOW HITPOINT WARNING * * *
The jackal bites you.
* * * LOW HITPOINT WARNING * * *
The kobold hits you with a +0 short sword.
You die...

.. .P ♣......♣
♣♣............). .
♣♣.♣..#♣.♣.P.♣...........#..
PPP...#♣♣♣♣.P♣...#######.#..
.P.P.##.# P.P#.............
##### #.# P.P###########...
###.# ♣♣.♣# ....
#...#####..#### ##...
###...........#
#....$.@K...# ∆∆∆
#.....h###### #.###.#.# #.#
#.#... ∆ #.# #.#h#+# #.#
#.#g. #. #.#J. #.#:.h


You could see a jackal and a kobold.

Vanquished Creatures
  A jackal (D:1)
  A rat (D:1)
2 creatures vanquished.

Notes
Turn   | Place    | Note
-------+----------+-------------------------------------------
     0 | D:1      | Norrock the Gnoll Artificer began the quest for the Orb.
     0 | D:1      | Reached XP level 1. HP: 17/17 MP: 1/1
    85 | D:1      | Slain by a kobold

Illustrated notes

Levels and vault maps discovered:
D:1:      amcnicky_arrival_flooded_fountain, layout_basic, serial_shops,
          nicolae_lakefront_shop, serial_forest, infiniplex_forest_corner_2,
          infiniplex_forest_straight_1, infiniplex_forest_end_3,
          infiniplex_forest_clump_diagonal, infiniplex_forest_clump_curved,
          infiniplex_forest_lined_2, minmay_crystal_room, minmay_liquid_box

Action                   || total
-------------------------++-------
Melee: Club              ||    10
       Bite              ||     2
Armor: Leather armour    ||     3
Dodge: Dodged            ||    14
